 Dungeon Crawl Stone Soup version 0.24.0-123-gd5b16e6ec5 (webtiles) character file.

Game seed: 10846337780100794878, levelgen mode: deterministic

319 BreadTh the Chopper (level 6, -4/53 HPs)
             Began as a Hill Orc Fighter on Jan 26, 2020.
             Was an Initiate of Wu Jian.
             Killed themself with a badly aimed iceblast (13 damage)
             ... on level 3 of the Dungeon.
             The game lasted 00:11:05 (2478 turns).

BreadTh the Chopper (Hill Orc Fighter)              Turns: 2478, Time: 00:11:05

Health: -4/53      AC:  8    Str: 19    XL:     6   Next: 46%
Magic:  6/6        EV:  7    Int:  8    God:    Wu Jian [......]
Gold:   217        SH:  9    Dex: 12    Spells: 5/5 levels left

rFire    . . .     SeeInvis .   a - +0 war axe
rCold    . . .     Gourm    .   c - +0 shield
rNeg     . . .     Faith    .   b - +0 scale mail
rPois    .         Spirit   .   g - +0 helmet
rElec    .         Reflect  .   (no cloak)
rCorr    .         Harm     .   (no gloves)
MR       +....                  (no boots)
Stlth    ..........             (no amulet)
HPRegen  0.17/turn              j - ring of protection from magic
MPRegen  0.10/turn              (no ring)

@: no status effects
A: no striking features
a: Renounce Religion


You were on level 3 of the Dungeon.
You worshipped Wu Jian.
Wu Jian was noncommittal.
You were hungry.

You visited 1 branch of the dungeon, and saw 3 of its levels.

You collected 217 gold pieces.

Inventory:

Hand Weapons
 a - a +0 war axe (weapon)
Missiles
 l - 124 stones
 o - 9 boomerangs (quivered)
 s - 7 poisoned darts
Armour
 b - a +0 scale mail (worn)
 c - a +0 shield (worn)
 g - a +0 helmet (worn)
Magical Staves
 w - an uncursed staff of death
Jewellery
 j - a ring of protection from magic (left hand)
Wands
 x - a wand of random effects (16)
Scrolls
 i - 2 scrolls of identify
 m - 4 scrolls of remove curse
 q - a scroll of blinking {unknown}
 t - a scroll of immolation {unknown}
 u - 2 scrolls of fog {unknown}
 y - a scroll of enchant weapon {unknown}
Potions
 d - 2 potions of might
 e - 2 potions of brilliance {unknown}
 h - 2 potions of haste {unknown}
 k - 2 potions of flight {unknown}
 n - 4 potions of curing {unknown}
 p - a potion of degeneration {unknown}
Comestibles
 f - 5 rations
 v - 3 chunks of flesh


   Skills:
 + Level 4.6 Fighting
 * Level 7.8 Axes
 + Level 0.1 Throwing
 - Level 3.2 Armour
 + Level 0.5 Dodging
 + Level 0.5 Stealth
 - Level 3.2 Shields


You had 5 spell levels left.
You didn't know any spells.
Your spell library was empty.

Dungeon Overview and Level Annotations

Branches:
Dungeon (3/15)

Altars:
Ru
Vehumet
Wu Jian

Annotations:
D:3 Ijyb


Message History

The puff of flame hits something but does no damage.
Something hits you but does no damage.
Evoke which item? (* to show all) (? for menu, Esc to quit)
Aiming: Random Effects
Press: ? - help, Shift-Dir - straight line Nothing appears to happen.
Evoke which item? (* to show all) (? for menu, Esc to quit)
Aiming: Random Effects
Press: ? - help, Shift-Dir - straight line Nothing appears to happen.
Something hits you but does no damage.
Evoke which item? (* to show all) (? for menu, Esc to quit)
Aiming: Random Effects
Press: ? - help, Shift-Dir - straight line Nothing appears to happen.
Evoke which item? (* to show all) (? for menu, Esc to quit)
Aiming: Random Effects
Press: ? - help, Shift-Dir - straight line The mass of ice explodes!
The iceblast engulfs something.
The iceblast engulfs you!
You die...

.....+ ####.##### ..####
...........#....@b.<### ###
...........#..........#
....(......#..........#
...........#.....###..#
...........#.#.#...#..#
.............<...#..#
###..#'###########..#
+...{@..>...........#
####...#.###..#####.#
##.........#.....#
#.##......#.#####
####.##......#.#
#............#.#
############.##.....##..#.#
............÷......).÷..#.###
............###...÷####.....#


There were no monsters in sight!

Vanquished Creatures
  Sigmund (D:3)
  Jessica (D:2)
  Terence (D:3)
  Robin (D:3)
  5 adders
  A gnoll (D:1)
  2 worms
  2 orcs (D:3)
  2 bats
  4 giant cockroaches
  10 goblins
  9 hobgoblins
  4 jackals (D:2)
  4 kobolds (D:1)
  A quokka (D:2)
  2 ball pythons
  A frilled lizard (D:2)
  10 rats
61 creatures vanquished.

Notes
Turn   | Place    | Note
-------+----------+-------------------------------------------
     0 | D:1      | BreadTh the Hill Orc Fighter began the quest for the Orb.
     0 | D:1      | Reached XP level 1. HP: 19/19 MP: 1/1
    70 | D:1      | Reached skill level 3 in Axes
   103 | D:1      | Reached XP level 2. HP: 27/27 MP: 2/2
   408 | D:1      | Reached skill level 4 in Axes
   408 | D:1      | Reached XP level 3. HP: 30/33 MP: 3/3
   702 | D:2      | Found a radiant altar of Vehumet.
   705 | D:2      | Found an ornate altar of the Wu Jian Council.
   738 | D:2      | Became a worshipper of the Wu Jian Council
   923 | D:2      | Reached XP level 4. HP: 41/41 MP: 4/4
   940 | D:2      | Reached skill level 5 in Axes
  1257 | D:2      | Noticed Jessica
  1263 | D:2      | Killed Jessica
  1285 | D:2      | Found a faded altar of an unknown god.
  1488 | D:3      | Noticed Robin
  1503 | D:3      | Killed Robin
  1503 | D:3      | Reached skill level 6 in Axes
  1503 | D:3      | Reached XP level 5. HP: 46/47 MP: 5/5
  1544 | D:3      | Noticed Sigmund
  1816 | D:3      | Noticed Terence
  1831 | D:3      | Killed Terence
  1862 | D:3      | Found a sacrificial altar of Ru.
  2016 | D:3      | HP: 1/47 [something (4)]
  2018 | D:3      | Killed Sigmund
  2018 | D:3      | Reached skill level 7 in Axes
  2018 | D:3      | Reached XP level 6. HP: 1/53 MP: 6/6
  2439 | D:3      | Noticed Ijyb
  2478 | D:3      | Killed themself with a badly aimed iceblast

Levels and vault maps discovered:
D:1:      lordsloth_arrival_two_stooges, layout_basic
D:2:      layout_basic, overflow_temple_1_default, lemuel_crystal_altar,
          chequers_ecumenical_altar_grove, uniq_jessica
D:3:      layout_basic, lemuel_crystal_altar, nicolae_ru_awakened_eye,
          lemuel_crystal_altar, first_ration, uniq_ijyb, uniq_sigmund,
          uniq_terence, uniq_robin

Skill      XL: |  1  2  3  4  5 |
---------------+----------------+-----
Axes           | 3 4 6 7 |  7.8
Fighting       | 4 |  4.6
Throwing       | |  0.1
Armour         | |  3.2
Dodging        | |  0.5
Stealth        | |  0.5
Shields        | |  3.2

Action                   |  1- 3 |  4- 6 || total
-------------------------+-------+-------++-------
Melee: War axe           |   101 |   146 ||   247
Throw: Boomerang         |     2 |     1 ||     3
Invok: Lunge             |       |     5 ||     5
Evoke: Wand              |       |    18 ||    18
  Use: Scroll            |     2 |       ||     2
  Eat: Chunk             |       |     5 ||     5
Armor: Scale mail        |    37 |    67 ||   104
       Chain mail        |     1 |       ||     1
Dodge: Dodged            |    20 |    52 ||    72
Block: Shield            |    50 |    71 ||   121
